 Dungeon Crawl Stone Soup version 0.27-a0-1557-g57f10a385c (webtiles) character file.

Game seed: 9212182173376647774

970 Apogee the Skirmisher (level 8, -1/52 HPs)
             Began as a Gargoyle Venom Mage on July 15, 2021.
             Was a Follower of Yredelemnul.
             Slain by a two-headed ogre (10 damage)
             ... on level 6 of the Dungeon.
             The game lasted 00:11:56 (5760 turns).

Apogee the Skirmisher (Gargoyle Venom Mage)         Turns: 5760, Time: 00:11:56

Health: -1/52      AC: 16    Str: 13    XL:     8   Next: 16%
Magic:  11/11      EV: 10    Int: 17    God:    Yredelemnul [*.....]
Gold:   123        SH:  0    Dex: 10    Spells: 10/11 levels left

rFire    . . .     SeeInvis .   j - +1 short sword (venom)
rCold    . . .     Faith    .   (no shield)
rNeg     + . .     Spirit   .   B - +0 ring mail
rPois    ∞         Reflect  .   n - +2 hat
rElec    +         Harm     .   h - +0 cloak
rCorr    .         Rampage  .   k - +0 pair of gloves
Will     .....                  (no boots)
Stlth    +.........             (no amulet)
HPRegen  0.17/turn              (no ring)
MPRegen  0.12/turn              (no ring)

@: no status effects
A: sickness immunity, AC +5, negative energy resistance 1, electricity
resistance, torment resistance 1, petrification resistance
a: Renounce Religion, Animate Remains


You were on level 6 of the Dungeon.
You worshipped Yredelemnul.
Yredelemnul was aware of your devotion.
You visited 1 branch of the dungeon, and saw 6 of its levels.

You collected 310 gold pieces.
You spent 187 gold pieces at shops.

Inventory:

Hand Weapons
 c - a +0 club
   (You took it off a goblin on level 1 of the Dungeon)
 j - a +1 short sword of venom (weapon)
   (You took it off a kobold on level 2 of the Dungeon)
 C - a +2 dagger of venom
   (You bought it in a shop on level 5 of the Dungeon)
Missiles
 t - 3 javelins
 v - 2 boomerangs of dispersal {!f}
 E - 57 arrows
Armour
 a - a +0 robe
 e - a +0 leather armour
   (You found it on level 1 of the Dungeon)
 h - a +0 cloak (worn)
   (You found it on level 1 of the Dungeon)
 k - a +0 pair of gloves (worn)
   (You found it on level 2 of the Dungeon)
 n - a +2 hat (worn)
   (You found it on level 2 of the Dungeon)
 u - a +0 tower shield
   (You found it on level 4 of the Dungeon)
 B - a +0 ring mail (worn)
   (You found it on level 3 of the Dungeon)
Jewellery
 z - a ring of see invisible
   (You found it on level 2 of the Dungeon)
 J - a +6 ring of strength
   (You found it on level 6 of the Dungeon)
Scrolls
 b - 2 scrolls of magic mapping {unknown}
 d - 2 scrolls of acquirement {unknown}
 g - 2 scrolls of enchant armour {unknown}
 l - a scroll of enchant weapon {unknown}
 m - a scroll of vulnerability {unknown}
 p - 4 scrolls of identify {unknown}
 q - a scroll of noise {unknown}
 s - a scroll of blinking {unknown}
 w - a scroll of torment {unknown}
 x - a scroll of fog {unknown}
 F - a scroll of fear {unknown}
 H - a scroll of amnesia {unknown}
Potions
 f - 2 potions of attraction {unknown}
 i - 2 potions of magic {unknown}
 o - a potion of degeneration {unknown}
 r - a potion of curing {unknown}
 A - 2 potions of invisibility {unknown}
 D - 2 potions of mutation {unknown}
 G - a potion of brilliance {unknown}
 I - a potion of heal wounds {unknown}


   Skills:
 + Level 6.8 Fighting
 - Level 2.0 Short Blades
 - Level 1.5 Maces & Flails
 - Level 6.0 Armour
 - Level 1.5 Dodging
 - Level 2.1 Stealth
 - Level 2.2 Spellcasting
 - Level 0.7 Transmutations
 - Level 3.0 Poison Magic


You had 10 spell levels left.
You knew the following spells:

 Your Spells              Type           Power      Damage    Failure   Level
a - Sting                 Tmut/Pois      32%        1d4       17%         1

Your spell library contained the following spells:

 Spells                   Type           Power      Damage    Failure   Level
 Poisonous Vapours        Pois/Air       14%        N/A       30%         2
 Summon Small Mammal      Summ           4%         N/A       36%         1
 Mephitic Cloud           Conj/Pois/Air  5%         N/A       58%         3
 Olgreb's Toxic Radiance  Pois           12%        N/A       73%         4
 Call Canine Familiar     Summ           1%         N/A       75%         3
 Summon Guardian Golem    Hex/Summ       1%         N/A       75%         3


Dungeon Overview and Level Annotations

Branches:
Dungeon (6/15)             Temple (0/1) D:6

Altars:
Yredelemnul
The Shining One

Shops:
D:5 (


Innate Abilities, Weirdness & Mutations

You are immune to sickness and miasma.
Your stone body is resilient. (AC +5)
You are immune to poison.
You resist negative energy. (rN+)
You are resistant to electric shocks. (rElec)
You are resistant to unholy torment.
You are immune to petrification.


Message History

The two-headed ogre barely misses you.
Aim: a two-headed ogre, wielding a +0 giant club and a +0 giant spiked club (moderately wounded, poisoned, 85% to hit)
Okay, then.
The two-headed ogre looks more healthy.
Aim: a two-headed ogre, wielding a +0 giant club and a +0 giant spiked club (moderately wounded, 85% to hit)
The sting hits the two-headed ogre but does no damage.
The two-headed ogre is poisoned.
You puncture the two-headed ogre!
The two-headed ogre hits you with a +0 giant club!
The two-headed ogre barely misses you.
You hit the two-headed ogre.
The two-headed ogre completely misses you.
The two-headed ogre barely misses you.
You hit the two-headed ogre but do no damage.
The two-headed ogre looks even sicker.
The two-headed ogre hits you with a +0 giant club.
The two-headed ogre hits you with a +0 giant spiked club!
You see here an iguana corpse.
The two-headed ogre looks more healthy.
You see here an iguana corpse.
Aim: a two-headed ogre, wielding a +0 giant club and a +0 giant spiked club (severely wounded, 85% to hit)
The sting hits the two-headed ogre but does no damage.
The two-headed ogre is poisoned.
The two-headed ogre hits you with a +0 giant club!
* * * LOW HITPOINT WARNING * * *
The two-headed ogre closely misses you.
You hit the two-headed ogre.
Unknown command.
The two-headed ogre looks more healthy.
You see here an iguana corpse.
There is a staircase to the Ecumenical Temple here.
The two-headed ogre hits you with a +0 giant club!
* * * LOW HITPOINT WARNING * * *
The two-headed ogre hits you with a +0 giant spiked club.
* * * LOW HITPOINT WARNING * * *
Aim: a two-headed ogre, wielding a +0 giant club and a +0 giant spiked club (heavily wounded, 85% to hit)
The sting hits the two-headed ogre.
The two-headed ogre is poisoned.
The two-headed ogre looks more healthy.
Aim: a two-headed ogre, wielding a +0 giant club and a +0 giant spiked club (heavily wounded, 85% to hit)
The sting hits the two-headed ogre but does no damage.
The two-headed ogre is poisoned.
The two-headed ogre hits you with a +0 giant club.
* * * LOW HITPOINT WARNING * * *
The two-headed ogre hits you with a +0 giant spiked club.
* * * LOW HITPOINT WARNING * * *
You see here an iguana corpse.
The two-headed ogre looks more healthy.
The two-headed ogre hits you with a +0 giant club!
You die...
Your body rises from the dead as a mindless zombie.

#..## #.# #...#
#...####.# #...#
#.#.†..#.##### #...#
#.####..>....########..
#.# #.#.###..........#
#.# #...# ########..#
#.# #...# #..#
##.####O#...... ##..
#.....#@####... ###
#.....#.# .. ##..§..#.#
. #....§.#.# #......#.#
#......#.# #####....#
##..(..#....... .
#..............


You could see a two-headed ogre.

Vanquished Creatures
  A sky beast (D:5)
  3 ogres
  A centaur (D:5)
  A bullfrog (D:6)
  A scorpion (D:4)
  A hound (D:6)
  A jelly (D:5)
  A centaur skeleton (D:4)
  2 orc priests (D:5)
  5 iguanas
  An orc wizard (D:5)
  2 adders
  A shadow imp (D:4)
  An ufetubus (D:4)
  An adder zombie (D:5)
  2 adder skeletons (D:4)
  4 dart slugs
  6 orcs
  8 endoplasms
  3 giant cockroaches
  8 goblins
  6 hobgoblins
  9 jackals (D:1)
  3 quokkas
  4 ball pythons
  5 bats
  A frilled lizard (D:1)
  5 kobolds
  7 rats
94 creatures vanquished.

Notes
Turn   | Place    | Note
-------+----------+-------------------------------------------
     0 | D:1      | Apogee the Gargoyle Venom Mage began the quest for the Orb.
     0 | D:1      | Reached XP level 1. HP: 10/10 MP: 3/3
    75 | D:1      | Reached skill level 1 in Fighting
   168 | D:1      | Reached XP level 2. HP: 16/16 MP: 0/5
   662 | D:1      | Found a faded altar of an unknown god.
   693 | D:1      | Reached XP level 3. HP: 21/21 MP: 3/6
   714 | D:1      | Reached skill level 1 in Maces & Flails
  2040 | D:3      | Reached XP level 4. HP: 27/27 MP: 7/7
  2091 | D:3      | Found a basalt altar of Yredelemnul.
  2126 | D:3      | Became a worshipper of Yredelemnul the Dark
  2432 | D:3      | Reached skill level 1 in Short Blades
  2783 | D:4      | Reached XP level 5. HP: 29/32 MP: 8/8
  2900 | D:4      | Reached skill level 1 in Armour
  3195 | D:4      | Reached XP level 6. HP: 38/38 MP: 9/9
  3852 | D:5      | Entered Level 5 of the Dungeon
  3855 | D:5      | Noticed a sky beast
  3878 | D:5      | Killed a sky beast
  3885 | D:5      | Reached * piety under Yredelemnul
  3890 | D:5      | Found Zajuc's Weapon Shoppe.
  4063 | D:5      | Bought a +2 dagger of venom for 187 gold pieces
  4308 | D:5      | Noticed a black bear
  4401 | D:5      | Reached skill level 5 in Fighting
  4401 | D:5      | Reached XP level 7. HP: 26/44 MP: 7/10
  4776 | D:5      | Reached skill level 5 in Armour
  5249 | D:6      | Reached XP level 8. HP: 37/52 MP: 9/11
  5372 | D:6      | Found a glowing golden altar of the Shining One.
  5566 | D:6      | Found a staircase to the Ecumenical Temple.
  5581 | D:6      | Noticed a two-headed ogre
  5760 | D:6      | Slain by a two-headed ogre

Illustrated notes

Levels and vault maps discovered:
D:1:      dpeg_arrival_tiny_a, layout_rooms, ebering_ecumenical_altar_webs
D:2:      layout_loops_cross
D:3:      layout_basic, mainiacjoe_overflow_boulevard, due_unseen_surprise
D:4:      layout_basic
D:5:      layout_basic, serial_shops, shop, minmay_misc_feat_plants
D:6:      layout_rooms, lemuel_doored_altar, minmay_temple_entry_purple_smoke

Skill      XL: |  1  2  3  4  5  6  7  8 |
---------------+-------------------------+-----
Fighting       | 1 2 3 4 5 6 |  6.8
Maces & Flails | 1 |  1.5
Short Blades   | 2 |  2.0
Armour         | 2 4 5 6 |  6.0
Dodging        | |  1.5
Stealth        | |  2.1
Spellcasting   | |  2.2
Transmutations | |  0.7
Poison Magic   | |  3.0

Action                   |  1- 3 |  4- 6 |  7- 9 || total
-------------------------+-------+-------+-------++-------
Melee: Club              |    54 |       |       ||    54
       Unarmed           |     6 |       |       ||     6
       Short sword       |    11 |   115 |    37 ||   163
 Cast: Sting             |    48 |    17 |    27 ||    92
Evoke: Wand              |       |       |     1 ||     1
 Stab: Sleeping          |     1 |     1 |       ||     2
Armor: Robe              |    17 |       |       ||    17
       Leather armour    |    17 |    51 |       ||    68
       Skin              |       |     6 |       ||     6
       Ring mail         |       |    23 |    24 ||    47
Dodge: Dodged            |    47 |    58 |    22 ||   127

Table legend: (Time is in decaauts)
 A = Elapsed time spent in this place.
 B = Non-inter-level travel time spent in this place.
 C = Inter-level travel time spent in this place.
 D = Time resting spent in this place.
 E = Time spent auto-exploring this place.
 F = Levels seen in this place.
 G = Mean time per level.
                   A        B        C        D        E       F      G
               +--------+--------+--------+--------+--------+-----+--------+
         Total |   5776 |   5488 |    288 |    597 |   3712 |   6 |  962.7 |
       Dungeon |   5776 |   5488 |    288 |    597 |   3712 |   6 |  962.7 |
               +--------+--------+--------+--------+--------+-----+--------+

Top non-repeatable levels by time:
     D:4: 1540 daAuts
     D:1: 1191 daAuts
     D:5: 1004 daAuts
     D:3: 815 daAuts
     D:2: 638 daAuts
     D:6: 585 daAuts
